 Dungeon Crawl Stone Soup version 0.30-a0-629-gd54f4be4f7 (webtiles) character file.

Game seed: 920689282438589816

660 Dittersdorf the Covered (level 7, -4/44 HPs)
             Began as a Gargoyle Fighter on Jan 12, 2023.
             Slain by an iguana (9 damage)
             ... on level 5 of the Dungeon.
             The game lasted 00:09:11 (4447 turns).

Dittersdorf the Covered (Gargoyle Fighter)          Turns: 4447, Time: 00:09:11

Health: -4/44      AC: 18    Str: 21    XL:     7   Next: 56%
Magic:  7/7        EV:  7    Int:  9    God:
Gold:   272        SH: 10    Dex:  9    Spells: 6/6 levels left

rFire   . . .      SeeInvis .    a - +0 flail
rCold   . . .      Faith    .    c - +0 buckler
rNeg    + . .      Spirit   .    f - +0 chain mail
rPois   ∞          Reflect  +    (no helmet)
rElec   +          Harm     .    (no cloak)
rCorr   .          Rampage  .    (no gloves)
Will    .....                    (no boots) Stlth
                                 s - amulet of reflection
HPRegen 0.27/turn                h - +4 ring of protection
MPRegen 0.10/turn                (no ring)

@: no status effects
A: sickness immunity, AC +4, negative energy resistance 1, electricity
resistance, torment resistance 1, petrification resistance
a: no special abilities


You were on level 5 of the Dungeon.
You visited 2 branches of the dungeon, and saw 7 of its levels.

You collected 272 gold pieces.

Inventory:

Hand Weapons
 a - a +0 flail (weapon)
Missiles
 b - 6 poisoned darts (quivered)
Armour
 c - a +0 buckler (worn)
 f - a +0 chain mail (worn)
Jewellery
 h - a +4 ring of protection (left hand)
 s - an amulet of reflection (around neck)
Scrolls
 e - a scroll of teleportation {unknown}
 k - 2 scrolls of blinking {unknown}
 l - a scroll of silence
 o - 2 scrolls of magic mapping
 q - a scroll of torment {unknown}
 r - a scroll of fog {unknown}
 t - a scroll of summoning {unknown}
 w - 2 scrolls of fear
 x - a scroll of vulnerability {unknown}
Potions
 d - 2 potions of might
 g - a potion of heal wounds
 i - a potion of berserk rage
 j - 2 potions of haste
 m - a potion of mutation
 n - 3 potions of curing
 p - a potion of brilliance
 u - a potion of invisibility
 v - 2 potions of flight


   Skills:
 + Level 5.4 Fighting
 + Level 4.3 Maces & Flails
 + Level 5.5 Armour
 + Level 5.4 Shields


You had 6 spell levels left.
You didn't know any spells.
Your spell library contained the following spells:

 Spells                   Type           Power      Damage    Failure   Level
 Gell's Gravitas          Tloc           0%         N/A       100%        3
 Teleport Other           Tloc           0%         N/A       100%        3
 Dispersal                Tloc           0%         N/A       100%        6


Dungeon Overview and Level Annotations

Branches:
Dungeon (6/15)             Temple (1/1) D:4

Altars:
Ashenzari
Fedhas
Hepliaklqana
Makhleb
Qazlal
Ru
Sif Muna
Vehumet
Zin

Shops:
D:1 (

Annotations:
D:6 Blork the orc


Innate Abilities, Weirdness & Mutations

You are immune to sickness and miasma.
Your stone body is resilient. (AC +4)
You are immune to poison.
You resist negative energy. (rN+)
You are resistant to electric shocks. (rElec)
You are resistant to unholy torment.
You are immune to petrification.


Message History

The iguana bites you. You block the iguana's attack.
You are too injured to fight recklessly!
You are too injured to fight recklessly!
You are too injured to fight recklessly!
You are too injured to fight recklessly!
You are too injured to fight recklessly!
You are too injured to fight recklessly!
You are too injured to fight recklessly!
You are too injured to fight recklessly!
You are too injured to fight recklessly!
You are too injured to fight recklessly!
You are too injured to fight recklessly!
You are too injured to fight recklessly!
You are too injured to fight recklessly!
You are too injured to fight recklessly!
You barely miss the iguana.
The iguana is moderately wounded.
The iguana bites you.
You sock the iguana!
The iguana is severely wounded.
The iguana bites you.
You barely miss the iguana.
The iguana is severely wounded.
The iguana bites you!
* * * LOW HITPOINT WARNING * * *
You hit the iguana but do no damage.
The iguana is severely wounded.
The iguana bites you.
* * * LOW HITPOINT WARNING * * *
You block the iguana's attack.
You closely miss the iguana.
The iguana is severely wounded.
The iguana bites you but does no damage.
You hit the iguana.
The iguana is almost dead.
The iguana barely misses you.
You hit the iguana but do no damage.
The iguana is almost dead.
The iguana bites you!
You die...

..##,,,##........................
...#,,,#..........###.#..##......
...##,##......(...........,,,,,,,
....#_#...........###.#,,*,,,,,,,
....###...............,,,,,,,,,,,
.....#...............,,,,,,,,,,,,
.....#............###,*,,,,,,,,,,
.....[..........$.# *,*,,***,,*,,
................@l#**,*,,***,,*,,
....................#,*,,,,,,,,,,
........................,,,,,,,,,
........................,***,,*,,
........................,,,,,,,,,
........................,,,,,,,,,
........................,,,,,,,,,
........................,,,,,,,,,
................,,,,,,,,,,**,,,,*


You could see an iguana.

Vanquished Creatures
  An ogre (D:5)
  A black bear (D:5)
  A centaur (D:6)
  2 jellies (D:5)
  2 orc priests (D:3)
  A hound (D:5)
  2 iguanas
  A gnoll (D:1)
  7 adders
  An ufetubus (D:3)
  A worm (D:3)
  A dart slug (D:2)
  16 orcs
  8 ball pythons
  6 bats
  9 endoplasms
  4 giant cockroaches
  8 goblins
  7 hobgoblins
  11 jackals
  2 quokkas
  2 frilled lizards (D:1)
  9 kobolds
  7 rats
110 creatures vanquished.

Vanquished Creatures (others)
  A bat (D:3)
1 creature vanquished.

Grand Total: 111 creatures vanquished

Notes
Turn   | Place    | Note
-------+----------+-------------------------------------------
     0 | D:1      | Dittersdorf the Gargoyle Fighter began the quest for the
                  | Orb.
     0 | D:1      | Reached XP level 1. HP: 14/14 MP: 1/1
   158 | D:1      | Reached XP level 2. HP: 16/19 MP: 2/2
   595 | D:1      | Reached XP level 3. HP: 9/24 MP: 3/3
   709 | D:1      | Found Fagaudd's Weapon Shoppe.
  1289 | D:2      | Reached XP level 4. HP: 27/29 MP: 4/4
  1350 | D:2      | Found the +7 mace of Variability {chaos, chain chaos}
  1657 | D:3      | Found a hazy altar of Hepliaklqana.
  1824 | D:3      | Reached XP level 5. HP: 31/33 MP: 5/5
  1862 | D:3      | Found a faded altar of an unknown god.
  1894 | D:3      | Found a stormy altar of Qazlal.
  2092 | D:3      | Found a radiant altar of Vehumet.
  2813 | D:4      | Reached XP level 6. HP: 39/39 MP: 6/6
  3229 | D:4      | Found a staircase to the Ecumenical Temple.
  3238 | Temple   | Entered the Ecumenical Temple
  3403 | D:4      | Identified the +1 robe of Submission {rC+ Int+2}
  3437 | D:4      | You fall into a shaft and drop 2 floors!
  3438 | D:6      | yay!
  3447 | D:6      | Noticed Blork the orc
  3455 | D:5      | Entered Level 5 of the Dungeon
  3475 | D:5      | Reached skill level 5 in Armour
  3479 | D:5      | Reached skill level 5 in Fighting
  3479 | D:5      | Reached skill level 5 in Shields
  3479 | D:5      | Reached XP level 7. HP: 27/44 MP: 7/7
  3954 | D:4      | Identified the +0 robe "Ifegapopt" {rElec}
  4447 | D:5      | Slain by an iguana

Illustrated notes

. ... #
....########...
..!............
#.@.#
#...#.......
#..... .....(.
#...## ##.....
..#<> ..... .
#. .### # #


Turn 3438 on D:6: yay!

Levels and vault maps discovered:
D:1:      reono_arrival_mine, layout_basic, serial_shops,
          nicolae_shop_bloodbath_and_beyond
D:2:      layout_rooms
D:3:      layout_loops_ring, nicolae_qazlal_general_emergency,
          mainiacjoe_overflow_concentric_impassable, fiery_altar_vehumet,
          hellmonk_ecumenical_altar_pennies_from_heaven
D:4:      layout_gridville, temple_fountains, amcnicky_mini_corridor_feature,
          grunt_ministairs_1
D:5:      layout_basic, mainiacjoe_overflow_alcove_2,
          minmay_overflow_temple_star_quad, mainiacjoe_overflow_paths,
          uniq_prince_ribbit1
D:6:      layout_loops_ring, lemuel_coloured_pillars_altar, elyvilon_altar_1,
          grunt_ministairs_11, minmay_quadrilaterals, uniq_blork_the_orc
Temple:   nicolae_temple_superstar

Skill      XL: |  1  2  3  4  5  6  7 |
---------------+----------------------+-----
Armour         | 4 5 |  5.5
Fighting       | 4 5 |  5.4
Shields        | 4 5 |  5.4
Maces & Flails | 3 4 |  4.3

Action                   |  1- 3 |  4- 6 |  7- 9 || total
-------------------------+-------+-------+-------++-------
Melee: Flail             |   140 |   225 |    65 ||   430
Throw: Dart              |       |     6 |       ||     6
  Use: Scroll            |       |     8 |     5 ||    13
Armor: Scale mail        |    11 |       |       ||    11
       Chain mail        |   117 |   165 |    35 ||   317
Dodge: Dodged            |    62 |    69 |    12 ||   143
Block: Buckler           |    32 |   142 |    28 ||   202
       Reflection        |       |     7 |       ||     7

Table legend: (Time is in decaauts)
 A = Elapsed time spent in this place.
 B = Non-inter-level travel time spent in this place.
 C = Inter-level travel time spent in this place.
 D = Time resting spent in this place.
 E = Time spent auto-exploring this place.
 F = Levels seen in this place.
 G = Mean time per level.
                   A        B        C        D        E       F      G
               +--------+--------+--------+--------+--------+-----+--------+
         Total |   4581 |   4467 |    114 |    497 |   2838 |   7 |  654.4 |
       Dungeon |   4445 |   4331 |    114 |    497 |   2732 |   6 |  740.8 |
        Temple |    135 |    135 |      0 |      0 |    106 |   1 |  135.0 |
               +--------+--------+--------+--------+--------+-----+--------+

Top non-repeatable levels by time:
     D:1: 1239 daAuts
     D:4: 955 daAuts
     D:3: 947 daAuts
     D:5: 699 daAuts
     D:2: 586 daAuts
  Temple: 135 daAuts
     D:6: 17 daAuts
